 Dungeon Crawl Stone Soup version 0.30-a0-782-ge64f9170bb (webtiles) character file.

Game seed: 6358047263473466657

83 Barriton the Chiller (level 4, -2/34 HPs)
             Began as a Draconian Ice Elementalist on Mar 10, 2023.
             Frozen to death by an endoplasm (4 damage)
             ... on level 3 of the Dungeon.
             The game lasted 00:03:27 (1651 turns).

Barriton the Chiller (Draconian Ice Elementalist)   Turns: 1651, Time: 00:03:27

Health: -2/34      AC:  5    Str: 10    XL:     4   Next: 22%
Magic:  1/8        EV: 12    Int: 18    God:
Gold:   85         SH:  5    Dex: 11    Spells: 8/9 levels left

rFire   + . .      SeeInvis .    d - staff of fire
rCold   . . .      Faith    .    (no shield)
rNeg    . . .      Spirit   .    (body armour unavailable)
rPois   .          Reflect  +    (helmet restricted)
rElec   .          Harm     .    (no cloak)
rCorr   .          Rampage  .    (no gloves)
Will    .....                    (no boots)
Stlth   ++                       g - amulet of reflection
HPRegen 0.25/turn                (no ring)
MPRegen 0.11/turn                (no ring)

@: flying
A: AC +5, unfitting armour, cold-blooded
a: no special abilities


You were on level 3 of the Dungeon.
You visited 1 branch of the dungeon, and saw 3 of its levels.

You collected 85 gold pieces.

Inventory:

Magical Staves
 d - a staff of fire (weapon)
Jewellery
 g - an amulet of reflection (around neck)
Scrolls
 c - a scroll of teleportation
Potions
 a - a potion of flight
 b - 2 potions of might {unknown}
 e - 2 potions of degeneration {unknown}
 f - a potion of mutation {unknown}
 h - a potion of curing {unknown}


   Skills:
 + Level 0.4 Fighting
 - Level 1.9 Dodging
 - Level 1.7 Stealth
 + Level 0.1 Shields
 - Level 0.4 Unarmed Combat
 + Level 3.0 Spellcasting
 + Level 4.9 Ice Magic


You had 8 spell levels left.
You knew the following spells:

 Your Spells              Type           Power      Damage    Failure   Level
a - Freeze                Ice            80%        1d9       2%          1

Your spell library contained the following spells:

 Spells                   Type           Power      Damage    Failure   Level
 Frozen Ramparts          Ice            40%        1d7       6%          3
 Ozocubu's Armour         Ice            20%        N/A       6%          3
 Summon Ice Beast         Ice/Summ       11%        N/A       52%         4
 Alistair's Intoxication  Tmut/Pois      1%         N/A       99%         5
 Borgnjor's Vile Clutch   Necr/Erth      1%         N/A       99%         5
 Eringya's Noxious Bog    Tmut/Pois      1%         N/A       100%        6


Dungeon Overview and Level Annotations

Branches:
Dungeon (3/15)

Altars:

Shops:
D:1 *   D:2 (


Innate Abilities, Weirdness & Mutations

Your plain brown scales are hard. (AC +5)
You cannot fit into any form of body armour.
You are cold-blooded and may be slowed by cold attacks.


Message History

* * * LOW HITPOINT WARNING * * *
Casting: Freeze (safe; 2% risk of failure)
Confirm with . or Enter, or press ? or * to list all spells.
Aiming: Freeze (safe; 2% risk of failure)
Press: ? - help, Shift-Dir - straight line, f/p - goblin
Aim: a goblin, wielding a +0 club (severely wounded)
You freeze the goblin!
You kill the goblin!
You block the endoplasm's attack.
Casting: Freeze (safe; 2% risk of failure)
Confirm with . or Enter, or press ? or * to list all spells.
Aiming: Freeze (safe; 2% risk of failure)
Press: ? - help, Shift-Dir - straight line, f - endoplasm
Aim: an endoplasm You freeze the endoplasm.
The endoplasm is moderately wounded.
The endoplasm closely misses you. The frilled lizard barely misses you.
You hit the endoplasm but do no damage.
The endoplasm is moderately wounded.
The endoplasm freezes you.
You are frozen.
* * * LOW HITPOINT WARNING * * *
The frilled lizard bites you but does no damage.
You hit the endoplasm.
The endoplasm is almost dead.
You block the endoplasm's attack. The frilled lizard bites you.
* * * LOW HITPOINT WARNING * * *
You barely miss the endoplasm.
The endoplasm is almost dead.
The endoplasm barely misses you.
The frilled lizard completely misses you.
You barely miss the endoplasm.
The endoplasm is severely wounded.
You block the endoplasm's attack. The frilled lizard bites you.
* * * LOW HITPOINT WARNING * * *
You hit the endoplasm.
The endoplasm is almost dead.
The endoplasm freezes you.
You are frozen.
You die...

..... .# ..
##.##.
......
#......
####.......
#..........
#..Jl...<..
#..@)......
####.......
####... .


You could see an endoplasm and a frilled lizard.

Vanquished Creatures
  Robin (D:2)
  An adder (D:2)
  A worm (D:2)
  2 ball pythons (D:2)
  3 bats
  5 endoplasms
  2 giant cockroaches
  13 goblins
  6 hobgoblins
  3 jackals (D:2)
  4 quokkas
  A frilled lizard (D:1)
  5 kobolds
  6 rats
53 creatures vanquished.

Notes
Turn   | Place    | Note
-------+----------+-------------------------------------------
     0 | D:1      | Barriton the Draconian Ice Elementalist began the quest for
                  | the Orb.
     0 | D:1      | Reached XP level 1. HP: 14/14 MP: 3/3
   137 | D:1      | Found Dusihal's Assorted Antiques.
   142 | D:1      | Reached XP level 2. HP: 18/20 MP: 0/5
   898 | D:2      | Reached XP level 3. HP: 26/26 MP: 3/6
  1128 | D:2      | Found Lerom's Weapon Emporium.
  1128 | D:2      | Noticed Robin
  1140 | D:2      | Killed Robin
  1149 | D:2      | Reached XP level 4. HP: 34/34 MP: 0/8
  1651 | D:3      | Frozen to death by an endoplasm

Illustrated notes

Levels and vault maps discovered:
D:1:      wander_arrival_estate, layout_rooms, serial_shops, shop
D:2:      layout_loops_ring, serial_shops,
          nicolae_shop_temple_entry_statues_fountains, uniq_robin
D:3:      layout_rooms, ebering_ecumenical_altar_rust, uniq_grinder,
          uniq_jessica

Skill      XL: |  1  2  3  4 |
---------------+-------------+-----
Spellcasting   | 3 |  3.0
Fighting       | |  0.4
Dodging        | |  1.9
Stealth        | |  1.7
Shields        | |  0.1
Unarmed Combat | |  0.4
Ice Magic      | |  4.9

Action                     |  1- 3 |  4- 6 || total
---------------------------+-------+-------++-------
  Melee: Unarmed           |    13 |       ||    13
         Tailslap          |     5 |     2 ||     7
         Staff             |    20 |    12 ||    32
   Cast: Freeze            |    62 |    16 ||    78
    Use: Scroll            |     2 |     2 ||     4
         Potion            |     1 |     1 ||     2
 Armour: Skin              |    19 |     6 ||    25
  Dodge: Dodged            |    40 |    16 ||    56
  Block: Other             |     4 |     8 ||    12

Table legend: (Time is in decaauts)
 A = Elapsed time spent in this place.
 B = Non-inter-level travel time spent in this place.
 C = Inter-level travel time spent in this place.
 D = Time resting spent in this place.
 E = Time spent auto-exploring this place.
 F = Levels seen in this place.
 G = Mean time per level.
                   A        B        C        D        E       F      G
               +--------+--------+--------+--------+--------+-----+--------+
         Total |   1658 |   1630 |     28 |      0 |   1304 |   3 |  552.7 |
       Dungeon |   1658 |   1630 |     28 |      0 |   1304 |   3 |  552.7 |
               +--------+--------+--------+--------+--------+-----+--------+

Top non-repeatable levels by time:
     D:2: 947 daAuts
     D:1: 674 daAuts
     D:3: 36 daAuts
